 Dungeon Crawl Stone Soup version 0.23.2 (webtiles) character file.

Game seed: 7599308425561251708

137 cklessthan3 the Ruffian (level 5, -2/53 HPs)
             Began as a Troll Berserker on Apr 6, 2019.
             Was a Believer of Trog.
             Slain by an ogre
             ... wielding a +0 giant spiked club
              (21 damage)
             ... on level 4 of the Dungeon.
             The game lasted 00:02:50 (1327 turns).

cklessthan3 the Ruffian (Troll Berserker)           Turns: 1327, Time: 00:02:51

Health: -2/53      AC:  6    Str: 26    XL:     5   Next: 0%
Magic:  4/4        EV: 10    Int:  3    God:    Trog [**....]
Gold:   100        SH:  0    Dex:  9    Spells: 4/4 levels left

rFire    . . .     SeeInvis .     - Unarmed
rCold    . . .     Gourm    +   (no shield)
rNeg     . . .     Faith    .   a - +0 animal skin
rPois    .         Spirit   .   (helmet restricted)
rElec    .         Reflect  .   (no cloak)
rCorr    .         Harm     .   (gloves unavailable)
MR       .....                  (boots unavailable)
Stlth    +.........             (no amulet)
HPRegen  0.57/turn              (no ring)
MPRegen  0.09/turn              (no ring)

@: no status effects
A: large, unfitting armour, claws 3, fast metabolism 3, gourmand, regeneration
1, shaggy fur 1, tough skin 3
a: Berserk, Trog's Hand, Renounce Religion


You were on level 4 of the Dungeon.
You worshipped Trog.
Trog was pleased with you.
You were not hungry.

You visited 1 branch of the dungeon, and saw 3 of its levels.

You collected 100 gold pieces.

Inventory:

Armour
 a - a +0 animal skin (worn)
Wands
 j - a wand of iceblast (6)
Scrolls
 c - 5 scrolls of identify {unknown}
 d - 2 scrolls of enchant armour {unknown}
 e - a scroll of immolation {unknown}
 f - 3 scrolls of teleportation {unknown}
Potions
 g - a potion of degeneration {unknown}
 h - 3 potions of curing {unknown}
 i - a potion of lignification {unknown}
Comestibles
 b - 6 rations


   Skills:
 + Level 3.0 Fighting
 + Level 3.2 Dodging
 + Level 4.6 Unarmed Combat


You had 4 spell levels left.
You didn't know any spells.
Your spell library was empty.

Dungeon Overview and Level Annotations

Branches:
Dungeon (2/15)

Altars:
Gozag

Annotations:
D:4 Menkaure


Innate Abilities, Weirdness & Mutations

You are too large for most types of armour.
You have claws for hands.
Your metabolism is lightning-fast.
You like to eat raw meat.
Your natural rate of healing is unusually fast.
You are covered in fur. (AC +1)
You have extremely tough skin. (AC +3)


Message History

You kill the hound!
Trog accepts your kill.
You have reached level 5!
A ball python comes into view.
The ball python hisses angrily.
The ogre closely misses you.
Found 7 gold pieces.
You mangle the ogre!!
The ogre is severely wounded.
The ogre barely misses you.
You scratch the ogre but do no damage.
The ogre is severely wounded.
Menkaure hits you!!
Menkaure calls on the powers of darkness!
Your body is wracked with pain!
The ogre convulses!
The ogre closely misses you.
There is an escape hatch in the ceiling here.
Menkaure barely misses you.
The ogre hits you with a +0 giant spiked club!!
You die...

#. .... #.#
...... #.#.
...... #.#.#
.....% #.#.#
....+# #.#.#
..#.#.#.#
######.#@#.#
##.......MO#+#.#
.!.........S.....
.................
.................
....######.......
### .......
....... ......$


You could see an ogre, Menkaure and a ball python.

Vanquished Creatures
  A hound (D:4)
  3 gnolls (D:2)
  3 adders (D:2)
  An ooze (D:2)
  A worm (D:2)
  A leopard gecko (D:1)
  A ball python (D:2)
  3 bats
  2 giant cockroaches (D:1)
  6 goblins
  2 hobgoblins (D:1)
  4 jackals
  7 kobolds
  A quokka (D:2)
  4 frilled lizards
  5 rats
45 creatures vanquished.

Notes
Turn   | Place    | Note
-------+----------+-------------------------------------------
     0 | D:1      | cklessthan3 the Troll Berserker began the quest for the
                  | Orb.
     0 | D:1      | Reached XP level 1. HP: 22/22 MP: 0/0
   132 | D:1      | Reached XP level 2. HP: 29/29 MP: 1/1
   820 | D:2      | Reached XP level 3. HP: 32/36 MP: 2/2
   938 | D:2      | Reached ** piety under Trog
   984 | D:2      | Found an opulent altar of Gozag.
  1053 | D:2      | Reached skill level 4 in Unarmed Combat
  1053 | D:2      | Reached XP level 4. HP: 40/44 MP: 3/3
  1315 | D:2      | You fall through a shaft for 2 floors!
  1317 | D:4      | Noticed an ogre
  1317 | D:4      | Noticed Menkaure
  1322 | D:4      | Reached XP level 5. HP: 51/53 MP: 4/4
  1327 | D:4      | Slain by an ogre

Skill      XL: |  1  2  3  4 |
---------------+-------------+-----
Dodging        | 3 |  3.2
Unarmed Combat | 4 |  4.6
Fighting       | 3 |  3.0

Action                   |  1- 3 |  4- 6 || total
-------------------------+-------+-------++-------
Melee: Unarmed           |    81 |    43 ||   124
  Eat: Chunk             |    10 |     3 ||    13
Armor: Animal skin       |    37 |    23 ||    60
Dodge: Dodged            |    35 |    32 ||    67
